 Dungeon Crawl Stone Soup version 0.20-a0-210-gd6c29eb (webtiles) character file.

650 Flintgrin the Cutter (level 7, -1/46 HPs)
             Began as a Halfling Fighter on Nov 26, 2016.
             Was a Follower of Okawaru.
             Killed by divine providence
             ... invoked by an orc priest
              (9 damage)
             ... on level 5 of the Dungeon.
             The game lasted 00:25:38 (3245 turns).

Flintgrin the Cutter (Halfling Fighter)             Turns: 3245, Time: 00:25:39

Health: -1/46      AC: 12    Str: 22    XL:     7   Next: 83%
Magic:  7/7        EV: 12    Int:  6    God:    Okawaru [*.....]
Gold:   155        SH:  7    Dex: 16    Spells: 6/6 levels left

rFire  . . .     SeeInvis .     a - +0 rapier
rCold  . . .     Gourm    +     b - +0 scale mail
rNeg   . . .     Faith    .     B - +1 buckler {AC+3}
rPois  .         Spirit   .     n - +0 helmet
rElec  .         Reflect  .     J - +0 cloak
rCorr  .         Harm     .     (no gloves)
MR     .....                    (no boots)
Stlth  ..........               w - amulet of the gourmand
                                (no ring)
                                (no ring)

@: mighty
A: mutation resistance 1, slow regeneration 1
a: Heroism, Renounce Religion


You were on level 5 of the Dungeon.
You worshipped Okawaru.
Okawaru was aware of your devotion.
You were completely stuffed.

You visited 1 branch of the dungeon, and saw 5 of its levels.
You also visited: Sewer.

You collected 155 gold pieces.

Inventory:

Hand Weapons
 a - a +0 rapier (weapon)
 g - a +0 dagger
 h - a +0 dagger
 l - a +0 short sword
 y - a +0 short sword
 G - a +0 falchion
Missiles
 e - 23 stones
 i - 47 bolts
 s - 21 arrows
 x - 37 poisoned needles
 D - 20 sling bullets
 H - 3 tomahawks (quivered)
Armour
 b - a +0 scale mail (worn)
 c - a +0 shield
 j - a +0 scale mail
 k - a +0 ring mail
 m - a +0 leather armour
 n - a +0 helmet (worn)
 q - a +1 robe of cold resistance
 r - a +0 ring mail
 B - a +1 buckler of protection (worn)
 I - a +0 scale mail
 J - a +0 cloak (worn)
 N - a cursed +0 ring mail
 O - a +0 ring mail
Jewellery
 w - an amulet of the gourmand (around neck)
Scrolls
 u - 2 scrolls of magic mapping
 C - a scroll of immolation
 E - 3 scrolls of remove curse
 F - a scroll of teleportation
 P - a scroll of recharging {unknown}
 Q - a scroll of fog
Potions
 o - a potion of lignification
 z - a potion of agility
 L - a potion of curing
Books
 K - Sif Muna's Almanac of Execration
   (You found it on level 4 of the Dungeon)

   Spells                             Type                      Level
   a - Corona                         Hexes                        1
Comestibles
 f - 4 bread rations
 p - 12 fruits
 t - a beef jerky
 v - a slice of pizza
 A - 3 meat rations
 M - 4 chunks of flesh


   Skills:
 + Level 3.5 Fighting
 + Level 7.0 Short Blades
 + Level 0.2 Throwing
 + Level 4.8 Armour
 + Level 1.5 Dodging
 + Level 0.2 Stealth
 + Level 4.9 Shields


You had 6 spell levels left.
You didn't know any spells.

Dungeon Overview and Level Annotations

Branches:
Dungeon (5/15)
 Temple: D:4-7

Altars:
Okawaru
Sif Muna


Innate Abilities, Weirdness & Mutations

You are small and have problems with some larger weapons.
You are somewhat resistant to further mutation.
You regenerate slowly when monsters are visible.


Message History

You kill the hound!
Okawaru accepts your kill.
You can now gain great but temporary skills.
Your Short Blades skill increases to level 7!
The orc priest misses you. You block the orc's attack. The orc hits you.
The orc closely misses you. The orc hits you but does no damage.
You block the orc's attack. The orc barely misses you.
Things that are here:
4 steel tomahawks; an orc corpse The orc priest calls down the wrath of Beogh upon you.
Beogh smites you!
* * * LOW HITPOINT WARNING * * *
The orc completely misses you.
Found a short sword.
The orc priest begins to cast a cantrip, but forgets the words!
You block the orc's attack.
The orc priest mumbles some strange prayers to Beogh against you.
Beogh smites you!
You die...

........# ..#
#........# ..#
#........# ..#
#........# ..#
#........# .>#
#........# ..#
#.......o####.#
+......ooo..@.#
#.....(..#)......#
......#######.......#
##### #.......#
#.......+ #.......#
###.##### #.#


You could see an orc priest and 3 orcs.

Vanquished Creatures
  Sigmund (D:2)
  The ghost of gressup the Insei, an amateur OpTm (Sewer)
  A big kobold (Sewer)
  2 hounds
  A centaur skeleton (D:3)
  2 orc wizards
  A river rat (Sewer)
  9 adders
  2 oozes
  2 worms (D:3)
  3 dart slugs
  5 leopard geckos
  9 orcs
  2 giant cockroaches
  5 goblins
  7 hobgoblins
  A jackal (Sewer)
  11 kobolds
  A quokka (D:3)
  3 bats
  5 frilled lizards
  6 rats
80 creatures vanquished.

Vanquished Creatures (others)
  An orc wizard (D:4)
1 creature vanquished.

Grand Total: 81 creatures vanquished

Notes
Turn   | Place    | Note
-------+----------+-------------------------------------------
     0 | D:1      | Flintgrin the Halfling Fighter began the quest for the Orb.
     0 | D:1      | Reached XP level 1. HP: 15/15 MP: 1/1
    38 | D:1      | Gained mutation: You regenerate slowly when monsters are visible. [potion of mutation]
   399 | D:1      | Reached XP level 2. HP: 20/20 MP: 2/2
   921 | D:1      | Reached XP level 3. HP: 25/25 MP: 3/3
  1334 | D:2      | Reached skill level 3 in Short Blades
  1334 | D:2      | Reached XP level 4. HP: 30/30 MP: 4/4
  1464 | D:2      | Noticed Sigmund
  1481 | D:2      | Killed Sigmund
  1481 | D:2      | Reached skill level 4 in Short Blades
  1481 | D:2      | Reached XP level 5. HP: 28/36 MP: 5/5
  1481 | D:2      | Reached XP level 6. HP: 33/42 MP: 6/6
  1483 | D:2      | Reached skill level 5 in Short Blades
  2194 | D:3      | Found an iron altar of Okawaru.
  2212 | D:3      | Became a worshipper of Warmaster Okawaru
  2397 | D:3      | Found a glowing drain.
  2420 | Sewer    | Entered a sewer
  2465 | Sewer    | Noticed gressup's ghost (amateur OpTm)
  2497 | Sewer    | Killed gressup's ghost
  2497 | Sewer    | Reached skill level 1 in Dodging
  2497 | Sewer    | Reached XP level 7. HP: 29/46 MP: 7/7
  2620 | Sewer    | Reached skill level 6 in Short Blades
  2660 | Sewer    | Found a white marble altar of Elyvilon.
  3169 | D:4      | Found a deep blue altar of Sif Muna.
  3208 | D:4      | Identified Sif Muna's Almanac of Execration
  3223 | D:5      | Entered Level 5 of the Dungeon
  3238 | D:5      | Reached * piety under Okawaru
  3238 | D:5      | Reached skill level 7 in Short Blades
  3245 | D:5      | Killed from afar by an orc priest

Vault maps used:
D:1:      dpeg_arrival_chambers_temple_mockup, kennysheep_another_room
D:2:      first_bread, uniq_sigmund
D:3:      okawaru_gym_becter, portal_sewer_entry_d
D:4:      led_sif_book, minitemple
D:5:      kennysheep_spiral_hall, kennysheep_mini_moat, trog_wizard
Sewer:    sewer_kobolds

Skill      XL: |  1  2  3  4  5  6  7 |
---------------+----------------------+-----
Short Blades   | 3 4 5 7 |  7.0
Shields        | 4 |  4.9
Fighting       | 3 |  3.5
Armour         | 4 |  4.8
Dodging        | 1 |  1.5
Throwing       | |  0.2
Stealth        | |  0.2

Action                   |  1- 3 |  4- 6 |  7- 9 || total
-------------------------+-------+-------+-------++-------
Melee: Rapier            |    73 |   217 |   121 ||   411
Throw: Stone             |     6 |       |       ||     6
  Use: Potion            |     4 |     1 |     5 ||    10
       Scroll            |     4 |     4 |       ||     8
  Eat: Chunk             |     1 |    13 |     4 ||    18
Armor: Scale mail        |    25 |    73 |    69 ||   167
Dodge: Dodged            |    16 |    69 |    68 ||   153
Block: Shield            |    26 |    64 |       ||    90
       Buckler           |       |    27 |    44 ||    71
